 Dungeon Sprint DCSS version 0.21-a0-274-gc1afaeb (webtiles) character file.

3262 potatolord6000 the Fighter (level 9, -1/124 HPs)
             Began as a Minotaur Monk on Sept 19, 2017.
             Was an Elder of Hepliaklqana.
             Killed by mirror damage (6 damage)
             ... in the Dungeon (Sprint VII: "The Pits").
             The game lasted 00:09:32 (1378 turns).

potatolord6000 the Fighter (Minotaur Monk)          Turns: 1378, Time: 00:09:33

Health: -1/124     AC: 19    Str: 23    XL:     9   Next: 68%
Magic:  8/8        EV: 16    Int:  7    God:    Hepliaklqana [****..]
Gold:   0          SH:  0    Dex: 17    Spells: 8/8 levels left

rFire    . . .     SeeInvis .   j - +2 falchion
rCold    . . .     Gourm    .   (no shield)
rNeg     . . .     Faith    .   r - +4 chain mail
rPois    .         Spirit   .   (helmet restricted)
rElec    .         Reflect  .   (no cloak)
rCorr    .         Harm     .   (no gloves)
MR       .....     NoTele   +   (no boots)
Stlth    ..........             (no amulet)
HPRegen  0.30/turn              b - +3 ring of dexterity
MPRegen  0.11/turn              f - +3 ring of protection

@: berserking, very quick
A: retaliatory headbutt, reduced essence, horns 2
a: Recall Ancestor, Ancestor Identity, Transference, Idealise, Renounce Religion


You were in the Dungeon.
You worshipped Hepliaklqana.
Hepliaklqana was greatly pleased with you.
You were completely stuffed.

You visited 1 branch

Inventory:

Hand Weapons
 j - a +2 falchion (weapon)
Armour
 r - a +4 chain mail (worn)
Jewellery
 b - a +3 ring of dexterity (left hand)
 f - a +3 ring of protection (right hand)
Scrolls
 i - a scroll of blinking
 k - 3 scrolls of remove curse
 l - 5 scrolls of amnesia
Potions
 a - a potion of invisibility
 d - 7 potions of curing
 e - 6 potions of heal wounds
 g - 4 potions of magic
 h - 3 potions of berserk rage
 m - a potion of agility
 q - a potion of brilliance
Comestibles
 c - 8 bread rations
 n - 40 fruits
 o - 5 meat rations


   Skills:
 + Level 13.5 Fighting
 + Level 13.5 Long Blades
 + Level 13.1 Armour
 + Level 12.5 Dodging
 - Level 1.5 Stealth


You had 8 spell levels left.
You didn't know any spells.

Dungeon Overview and Level Annotations

Branches:
Dungeon (1/1)

Altars:
Ashenzari
Cheibriados
Dithmenos
Elyvilon
Fedhas
Gozag
Hepliaklqana
Kikubaaqudgha
Makhleb
Nemelex Xobeh
Okawaru
Qazlal
Ru
Sif Muna
Trog
Uskayaw
Vehumet
Wu Jian
Xom
Yredelemnul
Zin
The Shining One
Beogh
Jiyva
Lugonu


Innate Abilities, Weirdness & Mutations

You reflexively headbutt those who attack you in melee.
You have a pair of horns on your head.
Your life essence is reduced to manifest your ancestor. (-10% HP)


Message History

You headbutt the death knight, but do no damage.
The death knight is heavily wounded.
The death knight reflects your damage back at you!
* * * LOW HITPOINT WARNING * * *
The hellwing hits you but does no damage.
The hellwing barely misses you.
Your chain mail prevents you from hitting the death knight.
The death knight is heavily wounded.
The death knight hits you with a battleaxe!
* * * LOW HITPOINT WARNING * * *
Unknown command.
You slash the death knight! You headbutt the death knight!
The death knight is severely wounded.
The death knight reflects your damage back at you!
* * * LOW HITPOINT WARNING * * *
Unknown command.
You slash the death knight!
The death knight is almost dead.
The death knight reflects your damage back at you!
You die...

.#))##.......##.)†......
.#..##.......##.........
.#'###...<...##..#####..
....##.......##..+
....##.......##..#
######.......##..#
##..###########..#####.+
.#)############..4.....#
##)#....#..[[##.@......#
.#÷#)...#..[[###p###...#
##.).)..'..))# .o. ...#
.#)#)...#!.))##.... ....
.'.#....#..))##....#
.....
####################
####


You could see a death knight, a hellwing and an orc sorcerer.

Vanquished Creatures
  A merfolk impaler (D)
  An orc high priest (D)
  A manticore (D)
  A molten gargoyle (D)
  Prince Ribbit (D)
  A flying skull (D)
  A floating eye (D)
  An ice beast (D)
  A black bear (D)
  A necrophage (D)
  A sky beast (D)
  A small abomination (D)
  A scorpion (D)
  A quasit (D)
  An orc priest (D)
  3 orc wizards (D)
  A white imp (D)
  An ufetubus (D)
  An ooze (D)
  2 orcs (D)
  2 ball pythons (D)
  A bat skeleton (D)
  A giant cockroach (D)
  A goblin (D)
  A hobgoblin (D)
  2 frilled lizards (D)
31 creatures vanquished.

Vanquished Creatures (collateral kills)
  A sky beast (D)
  An orc warrior (D)
  A worker ant (D)
3 creatures vanquished.

Vanquished Creatures (others)
  A dire elephant (D)
  4 knights (D)
5 creatures vanquished.

Grand Total: 39 creatures vanquished

Notes
Turn   | Place    | Note
-------+----------+-------------------------------------------
     0 | D        | potatolord6000 the Minotaur Monk began the quest for the Orb.
     0 | D        | Reached XP level 1. HP: 19/19 MP: 0/0
    15 | D        | Reached skill level 1 in Armour
    21 | D        | Found a bloodstained altar of Trog.
    21 | D        | Found a deep blue altar of Sif Muna.
    21 | D        | Found a viscous altar of Jiyva.
    21 | D        | Found a hazy altar of Hepliaklqana.
    21 | D        | Found an opulent altar of Gozag.
    32 | D        | Killed a dire elephant
    48 | D        | Found a glowing golden altar of the Shining One.
    48 | D        | Found a glowing silver altar of Zin.
    48 | D        | Found a basalt altar of Yredelemnul.
    48 | D        | Found a shimmering altar of Xom.
    48 | D        | Found an ornate altar of the Wu Jian Council.
    48 | D        | Found a sacrificial altar of Ru.
    48 | D        | Found a stormy altar of Qazlal.
    48 | D        | Found an iron altar of Okawaru.
    48 | D        | Found a sparkling altar of Nemelex Xobeh.
    48 | D        | Found a burning altar of Makhleb.
    48 | D        | Found a blossoming altar of Fedhas.
    48 | D        | Found a white marble altar of Elyvilon.
    48 | D        | Found a shadowy altar of Dithmenos.
    48 | D        | Found a snail-covered altar of Cheibriados.
    51 | D        | Found a corrupted altar of Lugonu.
    51 | D        | Found a radiant altar of Vehumet.
    51 | D        | Found a roughly hewn altar of Beogh.
    52 | D        | Found an ancient bone altar of Kikubaaqudgha.
    52 | D        | Found a hide-covered altar of Uskayaw.
    52 | D        | Found a shattered altar of Ashenzari.
    64 | D        | Became a worshipper of Hepliaklqana the Forgotten
    64 | D        | Reached * piety under Hepliaklqana
    64 | D        | Reached ** piety under Hepliaklqana
    67 | D        | Remembered your ancestor Kammani as a knight
    77 | D        | Noticed a floating eye
    81 | D        | Killed a floating eye
    81 | D        | Reached skill level 5 in Armour
    81 | D        | Reached skill level 5 in Dodging
    81 | D        | Reached XP level 2. HP: 26/27 MP: 1/1
    81 | D        | Reached XP level 3. HP: 33/34 MP: 2/2
    81 | D        | Reached XP level 4. HP: 39/40 MP: 3/3
   108 | D        | Noticed an ice beast
   116 | D        | Killed an ice beast
   116 | D        | Reached XP level 5. HP: 38/47 MP: 4/4
   208 | D        | Noticed a sky beast
   224 | D        | Killed a sky beast
   224 | D        | Reached XP level 6. HP: 38/55 MP: 5/5
   323 | D        | Noticed a sky beast
   329 | D        | Noticed a flying skull
   333 | D        | Killed a sky beast
   341 | D        | Killed a flying skull
   341 | D        | Reached skill level 10 in Fighting
   341 | D        | Reached skill level 10 in Long Blades
   341 | D        | Reached XP level 7. HP: 40/64 MP: 6/6
   478 | D        | Noticed a merfolk impaler
   507 | D        | Killed a merfolk impaler
   507 | D        | Reached skill level 10 in Dodging
   507 | D        | Reached XP level 8. HP: 19/74 MP: 7/7
   779 | D        | Reached *** piety under Hepliaklqana
   779 | D        | Noticed Prince Ribbit
   785 | D        | Killed Prince Ribbit
   804 | D        | Noticed an orc high priest
   808 | D        | Noticed a red devil
   808 | D        | Noticed a soul eater
   841 | D        | Killed an orc high priest
   841 | D        | Reached XP level 9. HP: 26/82 MP: 8/8
  1179 | D        | Reached **** piety under Hepliaklqana
  1180 | D        | Noticed a molten gargoyle
  1181 | D        | Noticed a manticore
  1192 | D        | Killed a manticore
  1204 | D        | Killed a molten gargoyle
  1354 | D        | Noticed an orc sorcerer
  1354 | D        | Noticed a death knight
  1361 | D        | Paralysed by an orc sorcerer for 6 turns
  1368 | D        | Noticed a hellwing
  1377 | D        | HP: 5/124 [mirror damage (12)]
  1378 | D        | Killed by mirror damage

Vault maps used:
D:        pitsprint

Skill      XL: |  1  2  3  4  5  6  7  8  9 |
---------------+----------------------------+-----
Armour         | 5 7 9 11 12 13 | 13.1
Fighting       | 6 7 8 10 11 12 13 | 13.5
Long Blades    | 6 7 8 10 11 12 13 | 13.5
Dodging        | 5 7 9 10 11 12 | 12.5
Stealth        | |  1.5

Action                   |  1- 3 |  4- 6 |  7- 9 || total
-------------------------+-------+-------+-------++-------
Melee: Falchion          |     5 |    39 |    93 ||   137
       Headbutt          |     2 |     8 |    29 ||    39
Invok: Ancestor Life: Kn |     1 |       |       ||     1
       Ancestor Identity |     1 |       |       ||     1
  Use: Potion            |       |       |     9 ||     9
       Scroll            |       |       |     1 ||     1
  Eat: Meat ration       |       |       |     2 ||     2
Armor: Robe              |     2 |     2 |       ||     4
       Chain mail        |       |    16 |    35 ||    51
Dodge: Dodged            |     4 |    18 |    34 ||    56
       Rpst.: Falchion   |     1 |     4 |     3 ||     8

Table legend:
 A = Spawn XP
 B = Non-spawn XP
 C = Spawn XP percentage of total XP
 D = Spawn monster count
 E = Non-spawn monster count
 F = Spawn count percentage of total count
 G = Total turns spent on level
                    A         B        C        D         E        F      G
               +---------+---------+-------+---------+---------+-------+---------
         Total |       0 |    4661 |   0.0 |       0 |      34 |   0.0 |  1378
               +---------+---------+-------+---------+---------+-------+---------
             D |       0 |    4661 |   0.0 |       0 |      34 |   0.0 |  1378
               +---------+---------+-------+---------+---------+-------+---------
